 Dungeon Crawl Stone Soup version 0.27.1-16-g815e20cd7a (webtiles) character file.

Game seed: 2348466691736091636

7884 ces the Covert (level 11, -3/53 (56) HPs)
             Began as a Spriggan Brigand on Nov 21, 2021.
             Succumbed to Nessos's poison
             ... on level 13 of the Dungeon.
             The game lasted 00:42:52 (16573 turns).

ces the Covert (Spriggan Brigand)                  Turns: 16573, Time: 00:42:53

HP:   -3/53 (56)    AC:  3    Str:  7    XL:     11   Next: 2%
MP:   12/12         EV: 24    Int: 13    God:
Gold: 476           SH:  0    Dex: 20    Spells: 10/10 levels left

rFire    . . .     SeeInvis +   a - +4 dagger (venom)
rCold    . . .     Faith    .   (shield restricted)
rNeg     . . .     Spirit   .   b - +0 robe
rPois    .         Reflect  .   (helmet restricted)
rElec    .         Harm     .   c - +0 cloak
rCorr    .         Rampage  .   (gloves unavailable)
Will     +....                  (boots unavailable)
Stlth    ++++++....             (no amulet)
HPRegen  0.17/turn              (no ring)
MPRegen  0.13/turn              (no ring)

@: lethally poisoned (-3 -> -30), drained, very quick
A: very small, no large weapons, unfitting armour, see invisible, speed 3
a: no special abilities


You were on level 13 of the Dungeon.
You visited 1 branch of the dungeon, and saw 11 of its levels.

You collected 476 gold pieces.

Inventory:

Hand Weapons
 a - a +4 dagger of venom (weapon)
Missiles
 p - 2 curare-tipped darts
 s - 26 poisoned darts (quivered)
 t - 4 atropa-tipped darts
Armour
 b - a +0 robe (worn)
 c - a +0 cloak (worn)
Jewellery
 n - a ring of magical power
 x - the necklace of Bloodlust {*Rage +Rage Will++ Int-3 Slay+6}
   (You found it on level 8 of the Dungeon)

   [amulet of nothing]

   It extends the wearer's berserk rage when killing foes.
   Int:       It affects your intelligence (-3).
   Slay:      It affects your accuracy & damage with ranged weapons and melee
   (+6).
   +Rage:     It lets you go berserk.
   *Rage:     It may make you go berserk in combat.
   Will:      It greatly increases your willpower.
Wands
 u - a wand of flame (10)
 w - a wand of charming (3)
 A - a wand of paralysis (10)
Scrolls
 d - 3 scrolls of identify
 e - 3 scrolls of fear {unknown}
 f - a scroll of amnesia {unknown}
 g - a scroll of blinking
 h - a scroll of holy word
 i - 4 scrolls of teleportation
 j - 3 scrolls of noise
 k - a scroll of fog {unknown}
 m - a scroll of magic mapping {unknown}
 q - a scroll of enchant armour {unknown}
 y - a scroll of immolation {unknown}
Potions
 l - a potion of attraction
 o - 3 potions of ambrosia
 r - 2 potions of cancellation
 v - 2 potions of resistance {unknown}
 z - a potion of curing


   Skills:
 + Level 5.5 Fighting
 * Level 11.2 Short Blades
 - Level 3.4 Throwing
 - Level 8.8 Dodging
 + Level 14.8 Stealth
 - Level 2.6 Evocations


You had 10 spell levels left.
You didn't know any spells.
Your spell library contained the following spells:

 Spells                   Type           Power      Damage    Failure   Level
 Static Discharge         Conj/Air       0%         N/A       43%         2
 Summon Lightning Spire   Summ/Air       0%         N/A       97%         4
 Lightning Bolt           Conj/Air       0%         1d11      100%        5
 Spellforged Servitor     Conj/Summ      0%         N/A       100%        7
 Maxwell's Capacitive Co  Air            0%         ∞         100%        8


Dungeon Overview and Level Annotations

Branches:
Dungeon (10/15)            Temple (0/1) D:6            Lair (0/6) D:8
    Orc: D:9-12

Altars:
Gozag
Hepliaklqana
Makhleb
Nemelex Xobeh
Qazlal
Vehumet
Wu Jian
Zin

Annotations:
D:4 Sigmund
D:10 Erolcha
D:13 Nessos


Innate Abilities, Weirdness & Mutations

You are very small and have problems with some larger weapons.
You are too small for most types of armour.
You have supernaturally acute eyesight. (SInv)
You cover ground extremely quickly. (Speed+++)


Message History

Press: ? - help, Shift-Dir - straight line, f/p - manticore
Aim: a manticore (lightly wounded, extremely poisoned, chance to affect: 36%)
Okay, then.
Aiming: Charm
Press: ? - help, Shift-Dir - straight line, f/p - manticore
Aim: a manticore (lightly wounded, extremely poisoned, chance to affect: 36%)
The manticore is charmed.
What are your orders? t - Shout!
Orders for allies: a - Attack new target. p - Attack previous target. r - Retreat! s - Stop attacking. g - Guard the area. f - Follow me.
Anything else - Cancel.
Retreat in which direction?
Press: ? - help, Dir - move target, p - manticore Fall back!
You start resting.
You carefully extract the barbed spikes from your body.
Nessos the Markscentaur comes into view.
The catoblepas bellows!
Nessos shouts!
Nessos blinks!
Nessos wields a +3 longbow of flaming.
It bursts into flame!
Nessos shoots an arrow.
The arrow closely misses you.
Nessos casts a spell.
Nessos seems to speed up.
Nessos shoots an arrow.
The arrow completely misses you.
Nessos shoots an arrow.
The arrow closely misses you.
Nessos shoots an arrow.
The arrow completely misses you. As you open the door, it creaks loudly!
Nessos shoots an arrow.
The arrow closely misses you.
Nessos intently looks at you, slowly moving their tail.
Nessos shoots an arrow.
The arrow misses you.
Nessos shoots an arrow.
The arrow hits you!!
* * * LOW HITPOINT WARNING * * *
The arrow burns you.
You are lethally poisoned!
* * * LOW HITPOINT WARNING * * *
There is an open door, spattered with blood here.
You die...

###......##
#........
###........
#..........
#..........
#..........
#..........
#.#######.#
#.'@....#.#
###.#.....+
#...#.....# #..
#...#.....# #..
#...#.....# #...
#...#.....# ..Y
#...#.....#
#++####.c.#.....#
..........#####


There were no monsters in sight!

Vanquished Creatures
  A two-headed ogre (D:7)
  Joseph (D:8)
  Maggie (D:7)
  A kobold demonologist (D:8)
  A troll (D:7)
  A hornet (D:9)
  Prince Ribbit (D:7)
  A vampire (D:5)
  Menkaure (D:4)
  A steam dragon (D:9)
  3 wargs
  2 water moccasins (D:7)
  Duvessa (D:6)
  A sky beast (D:7)
  4 orc warriors
  9 ogres
  4 centaurs
  6 kobold brigands
  2 bullfrogs (D:7)
  Blork the orc (D:5)
  A gnoll sergeant (D:8)
  2 water moccasin zombies
  3 scorpions
  Dowan (D:6)
  A water moccasin skeleton (D:6)
  10 killer bees
  A wight (D:9)
  11 howler monkeys
  2 centaur zombies (D:8)
  A centaur skeleton (D:7)
  3 orc priests (D:8)
  10 hounds (D:8)
  2 jellies
  An iguana (D:6)
  2 bullfrog skeletons
  13 orc wizards
  2 killer bee zombies
  A howler monkey skeleton (D:6)
  2 howler monkey zombies
  2 adders
  5 gnolls (D:8)
  2 white imps
  An ufetubus (D:5)
  A dart slug (D:3)
  21 orcs
  An endoplasm (D:1)
  2 giant cockroaches (D:2)
  3 goblins
  8 hobgoblins
  2 jackals (D:4)
  11 kobolds
  2 quokkas
  2 ball pythons
  2 bats
  A frilled lizard (D:1)
  3 rats
181 creatures vanquished.

Vanquished Creatures (collateral kills)
  A steam dragon (D:8)
  An orc priest (D:8)
  An orc wizard (D:8)
  An orc (D:8)
4 creatures vanquished.

Vanquished Creatures (others)
  A fungus (D:8)
  7 plants (D:8)
8 creatures vanquished.

Grand Total: 193 creatures vanquished

Notes
Turn   | Place    | Note
-------+----------+-------------------------------------------
     0 | D:1      | ces the Spriggan Brigand began the quest for the Orb.
     0 | D:1      | Reached XP level 1. HP: 10/10 MP: 2/2
   156 | D:1      | Reached skill level 6 in Stealth
   210 | D:1      | Found a faded altar of an unknown god.
   668 | D:1      | Found an opulent altar of Gozag.
   765 | D:2      | Reached XP level 2. HP: 15/15 MP: 3/3
  1339 | D:3      | Got the Grimoire of Calling
  1486 | D:3      | Noticed an ogre
  1521 | D:3      | Killed an ogre
  1522 | D:3      | Reached skill level 7 in Stealth
  1522 | D:3      | Reached XP level 3. HP: 18/18 MP: 4/4
  1522 | D:3      | Reached XP level 4. HP: 23/23 MP: 5/5
  1611 | D:3      | You fall into a shaft and drop 1 floor!
  1616 | D:4      | Reached skill level 8 in Stealth
  1734 | D:4      | Noticed Menkaure
  1741 | D:4      | Killed Menkaure
  1742 | D:4      | Reached skill level 9 in Stealth
  1742 | D:4      | Reached XP level 5. HP: 26/26 MP: 6/6
  1803 | D:4      | Found a sparkling altar of Nemelex Xobeh.
  1856 | D:4      | Reached XP level 6. HP: 18/30 MP: 7/7
  2078 | D:4      | Found a burning altar of Makhleb.
  2271 | D:4      | Noticed Sigmund
  2515 | D:5      | Entered Level 5 of the Dungeon
  2533 | D:5      | Reached skill level 10 in Stealth
  2659 | D:5      | Noticed Blork the orc
  2666 | D:5      | Killed Blork the orc
  2667 | D:5      | Reached XP level 7. HP: 32/35 MP: 8/8
  2757 | D:5      | Noticed a vampire
  2764 | D:5      | Killed a vampire
  2765 | D:5      | Reached skill level 11 in Stealth
  2915 | D:6      | Found a staircase to the Ecumenical Temple.
  3148 | D:6      | Reached skill level 5 in Short Blades
  3944 | D:6      | Noticed Duvessa
  3944 | D:6      | Noticed Dowan
  3948 | D:6      | Killed Duvessa
  3949 | D:6      | Reached XP level 8. HP: 39/39 MP: 9/9
  3967 | D:6      | Killed Dowan
  4547 | D:6      | Reached skill level 12 in Stealth
  4930 | D:7      | Noticed a troll
  4933 | D:7      | Killed a troll
  4937 | D:7      | Noticed Maggie
  4944 | D:7      | Killed Maggie
  4979 | D:7      | Reached skill level 13 in Stealth
  4979 | D:7      | Reached XP level 9. HP: 33/44 MP: 10/10
  5426 | D:8      | Noticed Prince Ribbit
  5426 | D:8      | Noticed a two-headed ogre
  6198 | D:7      | Killed Prince Ribbit
  6285 | D:7      | Reached skill level 5 in Dodging
  7007 | D:7      | Found a glowing silver altar of Zin.
  7838 | D:7      | Killed a two-headed ogre
  7912 | D:7      | Reached skill level 14 in Stealth
  8016 | D:8      | Reached XP level 10. HP: 43/50 MP: 11/11
  8908 | D:8      | Found a radiant altar of Vehumet.
  9124 | D:8      | Reached skill level 10 in Short Blades
  9771 | D:8      | Noticed Joseph
  9779 | D:8      | Killed Joseph
 10921 | D:8      | Reached skill level 1 in Evocations
 12426 | D:8      | Reached skill level 5 in Fighting
 12840 | D:8      | Noticed a deep troll
 13083 | D:8      | Noticed a deep troll
 13250 | D:8      | Found a stormy altar of Qazlal.
 13260 | D:8      | Found a staircase to the Lair.
 14786 | D:9      | Found an ornate altar of the Wu Jian Council.
 15702 | D:8      | Found the necklace of Bloodlust {*Rage +Rage Will++ Int-3
                  | Slay+6}
 15985 | D:9      | Reached XP level 11. HP: 56/56 MP: 12/12
 15998 | D:9      | Found a hazy altar of Hepliaklqana.
 16189 | D:10     | Entered Level 10 of the Dungeon
 16189 | D:10     | Noticed Erolcha
 16433 | D:10     | Noticed a red ugly thing
 16452 | D:10     | You fall into a shaft and drop 3 floors!
 16553 | D:13     | Noticed Nessos
 16555 | D:13     | Noticed a catoblepas
 16558 | D:13     | Noticed a catoblepas
 16572 | D:13     | HP: 1/53 [Nessos/arrow (6)]
 16573 | D:13     | Succumbed to Nessos's poison

Illustrated notes

Levels and vault maps discovered:
D:1:      dpeg_arrival_lava_altar, layout_basic, ebering_ecumenical_altar_rust
D:2:      layout_basic, kennysheep_generic_room_10
D:3:      layout_loops_ring
D:4:      layout_gridville, mainiacjoe_overflow_alcove_4, kennysheep_mini,
          uniq_sigmund, uniq_menkaure
D:5:      layout_rooms, uniq_blork_the_orc
D:6:      layout_loops_corners, temple_pool_b, serial_co_window_serial,
          co_window_paths_a, co_window_of_opportunity_a, co_window_paths_a,
          co_window_paths_a, co_window_corner_a, co_window_of_opportunity_c,
          co_window_corner_cb, co_window_corner_b, co_window_2corner,
          co_window_4corner_a, glass_columns_b, uniq_duvessa
D:7:      layout_rooms, lemuel_tele_altar, uniq_maggie
D:8:      lemuel_castle_with_subvaults [lemuel_castle_interior_carwin_2],
          layout_rooms, nicolae_vehumet_altar_sigil,
          nicolae_qazlal_style_of_elements, erik_lair_orcish_takeover,
          hellmonk_guarded_unrand_vitality_bloodlust, uniq_prince_ribbit1,
          uniq_joseph
D:9:      layout_basic, mainiacjoe_overflow_big_doors, lemuel_round_altar,
          nzn_wu_jian_contemplation, grunt_ministairs_15,
          minmay_guarded_unrand_variability
D:10:     layout_long_grid, mainiacjoe_overflow_alcove_2, uniq_josephine,
          uniq_erolcha, uniq_fannar
D:13:     layout_irregular_city, skrybe_vaults_entry_preservation, uniq_nessos

Skill      XL: |  1  2  3  4  5  6  7  8  9 10 |
---------------+-------------------------------+-----
Stealth        | 6 7 9 10 11 13 14 | 14.8
Short Blades   | 3 4 5 7 9 11 | 11.2
Dodging        | 2 3 4 6 8 |  8.8
Fighting       | 2 3 4 5 |  5.5
Throwing       | 3 |  3.4
Evocations     | 2 |  2.6

Action                   |  1- 3 |  4- 6 |  7- 9 | 10-12 || total
-------------------------+-------+-------+-------+-------++-------
Melee: Dagger            |    55 |    53 |   263 |   457 ||   828
Throw: Dart              |     7 |     6 |    75 |   150 ||   238
Evoke: Wand              |       |       |       |    26 ||    26
  Use: Potion            |       |       |     4 |     3 ||     7
       Scroll            |       |       |     8 |     2 ||    10
 Stab: Sleeping          |     8 |    12 |    13 |     7 ||    40
       Distracted        |     1 |       |       |     3 ||     4
       Paralysed         |       |       |       |     4 ||     4
Armor: Robe              |     8 |     5 |    18 |    21 ||    52
Dodge: Dodged            |    26 |    28 |   214 |   329 ||   597
